 Dungeon Crawl Stone Soup version 0.30-a0-879-ga8ba668304 (webtiles) character file.

Game seed: 2536077926906637112

60994 Newt the Markskobold (level 15, 0/82 HPs)
             Began as a Kobold Hunter on Mar 13, 2023.
             Was a High Priest of Hepliaklqana.
             Constricted to death by a tentacled monstrosity (10 damage)
             ... on level 1 of the Swamp.
             The game lasted 00:26:54 (20710 turns).

Newt the Markskobold (Kobold Hunter)               Turns: 20710, Time: 00:26:55

Health: 0/82       AC:  2    Str:  9    XL:     15   Next: 40%
Magic:  24/24      EV: 22    Int: 10    God:    Hepliaklqana [*****.]
Gold:   1937       SH:  8    Dex: 24    Spells: 14/14 levels left

rFire   + + .      SeeInvis .    d - +9 sling (heavy)
rCold   + . .      Faith    .    x - +0 buckler
rNeg    . . .      Spirit   .    K - +0 robe "Acosaolo" {Harm rPois rCorr}
rPois   +          Reflect  .    (no helmet)
rElec   .          Rampage  .    Z - scarf {rC+ rF+}
rCorr   +          Harm     + .  (no gloves)
Will    ++...                    (no boots)
Stlth   +++                      B - amulet of regeneration
HPRegen 1.13/turn                q - +4 ring of slaying
MPRegen 0.19/turn                Q - ring of willpower

@: constricted
A: reduced essence, small, no large weapons, nightstalker 3, clumsy 1, fire
resistance 1, high MP 1
a: Renounce Religion, Recall Ancestor, Ancestor Identity, Transference, Idealise


You were on level 1 of the Swamp.
You worshipped Hepliaklqana.
Hepliaklqana was extremely pleased with you.
You visited 5 branches of the dungeon, and saw 21 of its levels.
You also visited: Ossuary and Bailey.

You collected 2278 gold pieces.
You spent 341 gold pieces at shops.

Inventory:

Hand Weapons
 a - a +0 shortbow
 d - a +9 heavy sling (weapon)
Armour
 b - a +2 robe of fire resistance
 c - a +0 leather armour
 f - a scarf of invisibility
 p - a +0 cloak
 x - a +0 buckler (worn)
 y - +0 steam dragon scales
 K - the +0 robe "Acosaolo" (worn) {Harm rPois rCorr}
   (You found it on level 10 of the Dungeon)

   rPois:     It protects you from poison.
   rCorr:     It protects you from acid and corrosion.
   Harm:      It increases damage dealt and taken.
 Z - a scarf of resistance (worn)
Jewellery
 q - a +4 ring of slaying (left hand)
 B - an amulet of regeneration (around neck)
 H - an amulet of regeneration
 J - a ring of resist corrosion
 L - a +4 ring of protection
 Q - a ring of willpower (right hand)
 S - an amulet of magic regeneration
 T - a ring of wizardry
Wands
 l - a wand of acid (15)
 w - a wand of mindburst (26)
 A - a wand of flame (55)
 I - a wand of paralysis (23)
 N - a wand of roots (1)
Scrolls
 h - 7 scrolls of teleportation
 r - 3 scrolls of enchant armour
 t - 4 scrolls of fear
 v - 7 scrolls of immolation
 C - a scroll of poison
 D - 2 scrolls of blinking
 F - a scroll of brand weapon
 P - 2 scrolls of fog
 R - 2 scrolls of noise
 U - 5 scrolls of magic mapping
 V - 2 scrolls of identify
 W - a scroll of amnesia
 X - 2 scrolls of vulnerability
Potions
 e - a potion of haste
 g - 9 potions of heal wounds
 i - 3 potions of flight
 j - 5 potions of degeneration
 k - 3 potions of berserk rage
 m - 3 potions of resistance
 n - 8 potions of curing
 o - a potion of attraction
 s - 3 potions of invisibility
 u - 3 potions of cancellation
 z - 3 potions of lignification
 E - 5 potions of might
 G - 2 potions of ambrosia
 M - 3 potions of magic
 O - 2 potions of brilliance
Miscellaneous
 Y - a lightning rod (4/4)


   Skills:
 - Level 10.0 Fighting
 - Level 20.0 Ranged Weapons
 - Level 4.0 Armour
 - Level 12.0 Dodging
 - Level 1.3 Stealth
 - Level 10.0 Shields
 - Level 10.0 Invocations
 + Level 7.7 Evocations


You had 14 spell levels left.
You didn't know any spells.
Your spell library contained the following spells:

 Spells                   Type           Power      Damage    Failure   Level
 Apportation              Tloc           0%         N/A       45%         1
 Necrotise                Necr           0%         1d4       45%         1
 Summon Small Mammal      Summ           0%         N/A       45%         1
 Blink                    Tloc           0%         N/A       58%         2
 Lesser Beckoning         Tloc           0%         N/A       58%         2
 Momentum Strike          Conj/Tloc      0%         3d8       58%         2
 Ozocubu's Armour         Ice            0%         N/A       83%         3
 Stone Arrow              Conj/Erth      0%         3d7       83%         3
 Anguish                  Hex/Necr       0%         N/A       99%         4
 Animate Armour           Summ/Erth      0%         N/A       99%         4
 Lee's Rapid Deconstruct  Erth           0%         3d4*      100%        5
 Metabolic Englaciation   Hex/Ice        0%         N/A       100%        5
 Summon Forest            Summ/Tloc      0%         N/A       100%        5
 Eringya's Noxious Bog    Tmut/Pois      0%         N/A       100%        6
 Iron Shot                Conj/Erth      0%         9d1       100%        6
 Simulacrum               Ice/Necr       0%         N/A       100%        6
 Enfeeble                 Hex            0%         N/A       100%        7
 Summon Hydra             Summ           0%         N/A       100%        7
 Lehudib's Crystal Spear  Conj/Erth      0%         10d2      100%        8


Dungeon Overview and Level Annotations

Branches:
Dungeon (12/15)            Temple (1/1) D:4            Lair (5/5) D:9
  Swamp (1/4) Lair:2       Spider (0/4) Lair:3        Slime (0/5) Lair:5
    Orc (2/2) D:10            Elf (0/3) Orc:2       Ossuary (visited)
 Bailey (visited)

Altars:
Ashenzari
Cheibriados
Dithmenos
Elyvilon
Fedhas
Gozag
Hepliaklqana
Kikubaaqudgha
Makhleb
Nemelex Xobeh
Okawaru
Qazlal
Ru
Sif Muna
Trog
Uskayaw
Vehumet
Wu Jian
Xom
Yredelemnul
Zin
The Shining One

Shops:
D:6 (   D:8 *   Orc:2 ([*:

Portals:
Abyss: Lair:2

Annotations:
Lair:2 2 transporters, Maxmaps's ghost, journeyman GnHu


Innate Abilities, Weirdness & Mutations

Your life essence is reduced to manifest your ancestor. (-10% HP)
You are small and have problems with some larger weapons.
You are completely attuned to the shadows.
You are clumsy. (Dex -2)
Your flesh is heat resistant. (rF+)
You have an increased reservoir of magic. (+10% MP)


Message History

You resist.
A swamp drake is nearby!
You shoot a sling bullet.
The sling bullet closely misses the swamp drake.
A tentacled monstrosity comes into view.
You shoot a sling bullet. The sling bullet hits the swamp drake!
The swamp drake is severely wounded.
You shoot a sling bullet.
The sling bullet hits the swamp drake!!!
You kill the swamp drake!
A bog body comes into view.
Unknown command.
You shoot a sling bullet.
The sling bullet hits the tentacled monstrosity!
The tentacled monstrosity is lightly wounded.
The tentacled monstrosity tentacle-slaps you!
You block the tentacled monstrosity's attack.
The tentacled monstrosity tentacle-slaps you!
The tentacled monstrosity grabs you.
The tentacled monstrosity constricts you!
You shoot a sling bullet.
The sling bullet hits the tentacled monstrosity!!
The tentacled monstrosity is moderately wounded.
Nozipho barely misses the tentacled monstrosity.
The tentacled monstrosity tentacle-slaps you.
The tentacled monstrosity completely misses you.
You block the tentacled monstrosity's attack.
The tentacled monstrosity constricts you!
You shoot a sling bullet.
The sling bullet hits the tentacled monstrosity!
The tentacled monstrosity is moderately wounded.
Nozipho hits the tentacled monstrosity with a +0 broad axe of flaming!
Nozipho burns the tentacled monstrosity.
The tentacled monstrosity tentacle-slaps you.
The tentacled monstrosity tentacle-slaps you!
* * * LOW HITPOINT WARNING * * *
The tentacled monstrosity tentacle-slaps you!
* * * LOW HITPOINT WARNING * * *
The tentacled monstrosity constricts you!
You die...

♣..~.♣♣♣ .>§~..~♣♣
.~~~..~.♣ .~~~....♣♣♣
.~~~(~...~♣ ♣~....
~...~~~~~.♣ ♣.~~~.
.....~~~~.♣♣♣♣♣♣.~~~~
.~~~~§~~~~.~~..♣.X~~~
~~~~~~~~~§~....♣@R~~~
~§~~§~~~~~~......†§~~
.~..~~~.....~~~~§~n~~
.~~.♣~~~♣>..~§~~..~~~
.~~.~♣♣..~~♣~~~~..~~~
.~~...~~ ♣....♣♣.~
♣...~~.♣♣ ♣~..~~~.~
♣..~~~~~.


You could see the friendly Nozipho the knight, a tentacled monstrosity (ally
target) and a bog body.

Vanquished Creatures
  The ghost of Athrin the Severer, a journeyman HOFi of Zin (D:12)
  An orc warlord (Orc:2)
  A fire dragon (Lair:5)
  2 vault guards (Bailey)
  Josephine (D:12)
  5 hydras
  Erolcha (D:12)
  A catoblepas (Lair:5)
  A two-headed ogre (D:10)
  2 boulder beetles
  Nergalle (D:12)
  3 orc high priests (Orc:2)
  A lindwurm (Lair:5)
  Pikel (D:7)
  3 orc knights
  An oklob plant (Lair:1)
  An orc sorcerer (Orc:2)
  A cyclops (D:12)
  An ugly thing (D:12)
  3 elephants (Lair:2)
  Maurice (D:8)
  Joseph (D:7)
  6 black mambas
  2 spectral orcs (Orc:2)
  2 molten gargoyles (Lair:5)
  9 cane toads
  Psyche (D:8)
  A rime drake (Lair:5)
  5 komodo dragons
  2 polar bears
  A troll (Orc:2)
  A hornet (Swamp:1)
  A tyrant leech (Swamp:1)
  Prince Ribbit (D:7)
  6 blink frogs
  A centaur simulacrum (D:11)
  2 vampires
  2 spriggans (Swamp:1)
  Sigmund (D:2)
  A shadow (D:11)
  A ynoxinul (D:12)
  3 wyverns
  6 wraiths
  7 humans (Bailey)
  41 yaks
  4 basilisks
  2 redbacks (Lair:3)
  6 steam dragons
  A basilisk (shapeshifter) (D:12)
  Menkaure (D:4)
  3 vampire mosquitoes (D:11)
  4 wargs
  An acid dragon (D:9)
  10 water moccasins
  4 hell hounds (Lair:5)
  18 orc warriors
  A spectral troll (Orc:2)
  A sky beast (D:8)
  2 swamp drakes (Swamp:1)
  6 ogres
  2 black bears
  An ice beast (D:5)
  6 centaurs
  2 lemures (D:7)
  2 phantoms
  A kobold brigand (D:8)
  2 gnoll sergeants
  21 bullfrogs
  8 scorpions
  3 wyvern zombies (Ossuary)
  2 water moccasin zombies (Ossuary)
  2 wights (D:9)
  21 killer bees
  4 lava snakes (Lair:5)
  4 centaur zombies (Ossuary)
  4 bullfrog zombies (Ossuary)
  4 hounds
  A gnoll bouda (Orc:2)
  15 orc priests
  A jelly (D:6)
  5 iguanas
  16 orc wizards
  2 sleepcaps
  2 killer bee zombies (Ossuary)
  10 mummies (Ossuary)
  2 howler monkey zombies (Ossuary)
  13 gnolls
  5 adders
  A shadow imp (D:7)
  4 white imps
  An ufetubus (D:5)
  2 orc simulacra (Orc:2)
  3 worms
  2 dart slugs (D:2)
  61 orcs
  5 ball pythons
  2 bats
  8 endoplasms
  4 giant cockroaches
  10 goblins
  8 hobgoblins
  6 kobolds
  A quokka (D:3)
  A frilled lizard (D:3)
  8 rats (D:1)
489 creatures vanquished.

Vanquished Creatures (collateral kills)
  A hydra (Lair:1)
  The ghost of elongatedgoose the Fighter, a journeyman DsGl of Hepliaklqana (Orc:2)
  A two-headed ogre (D:10)
  A boulder beetle (D:11)
  A slime creature (D:12)
  3 orc sorcerers (Orc:2)
  An orc knight (Orc:2)
  2 rime drakes
  A komodo dragon (D:11)
  A hornet (Swamp:1)
  A polar bear (Lair:2)
  A troll (D:10)
  A blink frog (Lair:5)
  A shadow (D:10)
  A wyvern (D:9)
  15 yaks
  A vampire mosquito (D:11)
  2 basilisks (Lair:5)
  A warg (Orc:1)
  2 water moccasins (Lair:2)
  8 orc warriors
  A black bear (Lair:1)
  A bullfrog (Bailey)
  A wyvern zombie (Ossuary)
  A water moccasin zombie (Ossuary)
  A wight (D:9)
  A killer bee (D:9)
  A lava snake (Lair:5)
  A bullfrog zombie (Ossuary)
  2 centaur zombies (Ossuary)
  6 orc priests (Orc:2)
  3 orc wizards (Orc:2)
  A gnoll (Orc:2)
  An orc simulacrum (Orc:2)
  15 orcs
  2 goblins (D:10)
  A hobgoblin (Bailey)
  2 kobolds (D:8)
88 creatures vanquished.

Vanquished Creatures (others)
  11 knights
  2 ancestors
  An orc (D:6)
  24 fungi
  31 plants
  7 withered plants (Ossuary)
76 creatures vanquished.

Grand Total: 653 creatures vanquished

Notes
Turn   | Place    | Note
-------+----------+-------------------------------------------
     0 | D:1      | Newt the Kobold Hunter began the quest for the Orb.
     0 | D:1      | Reached XP level 1. HP: 12/12 MP: 1/1
   101 | D:1      | Reached XP level 2. HP: 18/18 MP: 2/2
   430 | D:1      | Reached XP level 3. HP: 23/23 MP: 3/3
   806 | D:2      | Noticed Sigmund
  1074 | D:2      | Killed Sigmund
  1075 | D:2      | Reached skill level 5 in Fighting
  1075 | D:2      | Reached skill level 6 in Ranged Weapons
  1075 | D:2      | Reached XP level 4. HP: 29/31 MP: 4/4
  1075 | D:2      | Reached XP level 5. HP: 33/35 MP: 5/5
  1171 | D:2      | Reached skill level 7 in Ranged Weapons
  1237 | D:2      | Reached XP level 6. HP: 40/40 MP: 6/6
  1799 | D:3      | Identified a scroll of acquirement
  1799 | D:3      | Acquired a +5 heavy sling
  2249 | D:3      | Found a faded altar of an unknown god.
  2754 | D:3      | Found a glowing golden altar of the Shining One.
  2960 | D:4      | Reached skill level 8 in Ranged Weapons
  3447 | D:4      | Noticed Menkaure
  3450 | D:4      | Killed Menkaure
  3451 | D:4      | Reached skill level 9 in Ranged Weapons
  3451 | D:4      | Reached XP level 7. HP: 23/44 MP: 7/7
  3800 | D:4      | Found a staircase to the Ecumenical Temple.
  4007 | Temple   | Entered the Ecumenical Temple
  4231 | Temple   | Became a worshipper of Hepliaklqana the Forgotten
  4279 | D:5      | Entered Level 5 of the Dungeon
  4295 | D:5      | Reached skill level 10 in Ranged Weapons
  4667 | D:5      | Reached XP level 8. HP: 49/49 MP: 8/8
  4762 | D:5      | Reached skill level 5 in Dodging
  5418 | D:6      | Found Gyugum Suan's Weapon Boutique.
  5565 | D:6      | Reached skill level 11 in Ranged Weapons
  5591 | D:6      | Identified the +2 whip of the Lame Duck {freeze, Drain
                  | rPois rC+}
  5727 | D:6      | Reached skill level 12 in Ranged Weapons
  5727 | D:6      | Reached XP level 9. HP: 54/54 MP: 9/9
  5798 | D:6      | Reached * piety under Hepliaklqana
  5810 | D:6      | Reached skill level 13 in Ranged Weapons
  6288 | D:6      | Found an ancient bone altar of Kikubaaqudgha.
  6330 | D:6      | Found a glowing silver altar of Zin.
  6333 | D:6      | Found an ornate altar of the Wu Jian Council.
  6336 | D:6      | Found a white marble altar of Elyvilon.
  6427 | D:7      | Noticed Joseph
  6434 | D:7      | Killed Joseph
  6435 | D:7      | Reached skill level 14 in Ranged Weapons
  6634 | D:7      | Reached skill level 15 in Ranged Weapons
  6642 | D:7      | Reached skill level 1 in Shields
  6649 | D:7      | Reached XP level 10. HP: 40/53 MP: 10/10
  6686 | D:7      | Found a stormy altar of Qazlal.
  6719 | D:7      | Found a sand-covered staircase.
  6726 | Ossuary  | Entered an ossuary
  6899 | Ossuary  | Reached skill level 5 in Shields
  7037 | D:7      | Noticed Prince Ribbit
  7041 | D:7      | Killed Prince Ribbit
  7250 | D:7      | Noticed Pikel
  7253 | D:7      | Killed Pikel
  7429 | D:7      | Reached ** piety under Hepliaklqana
  7596 | D:7      | Remembered your ancestor Nozipho as a knight
  7895 | D:8      | Noticed Psyche
  7897 | D:8      | Killed Psyche
  7898 | D:8      | Reached skill level 1 in Armour
  8087 | D:8      | Reached XP level 11. HP: 61/61 MP: 11/11
  8098 | D:8      | Noticed Maurice
  8125 | D:8      | Killed Maurice
  8126 | D:8      | Reached skill level 1 in Evocations
  8308 | D:8      | Found an iron altar of Okawaru.
  8371 | D:8      | Found Pehet's Assorted Antiques.
  8377 | D:8      | Bought a garnet ring for 125 gold pieces
  8743 | D:9      | Reached skill level 5 in Evocations
  8881 | D:9      | Reached skill level 1 in Invocations
  9101 | D:9      | Reached *** piety under Hepliaklqana
  9624 | D:9      | Found a staircase to the Lair.
  9708 | D:10     | Entered Level 10 of the Dungeon
  9726 | D:10     | Found a flagged portal.
  9736 | Bailey   | Entered a bailey
  9770 | Bailey   | Reached skill level 5 in Invocations
  9924 | Bailey   | Noticed a vault guard
  9938 | Bailey   | Killed a vault guard
  9992 | Bailey   | Noticed a vault guard
 10001 | Bailey   | Killed a vault guard
 10003 | Bailey   | Reached XP level 12. HP: 65/65 MP: 17/17
 10092 | D:10     | Gained mutation: Armour fits poorly on your strangely
                  | shaped body. [potion of mutation]
 10092 | D:10     | Gained mutation: You are robust. (+10% HP) [potion of
                  | mutation]
 10092 | D:10     | Gained mutation: You sometimes lose your temper in combat.
                  | [potion of mutation]
 10092 | D:10     | Gained mutation: Your flesh is cold resistant. (rC+)
                  | [potion of mutation]
 10093 | D:10     | Lost mutation: Your flesh is cold resistant. (rC+) [potion
                  | of mutation]
 10093 | D:10     | Lost mutation: Armour fits poorly on your strangely shaped
                  | body. [potion of mutation]
 10093 | D:10     | Lost mutation: You are robust. (+10% HP) [potion of
                  | mutation]
 10093 | D:10     | Gained mutation: You have large cloven feet. [potion of
                  | mutation]
 10093 | D:10     | Gained mutation: Your magical capacity is low. (-10% MP)
                  | [potion of mutation]
 10094 | D:10     | Lost mutation: You have large cloven feet. [potion of
                  | mutation]
 10094 | D:10     | Lost mutation: You sometimes lose your temper in combat.
                  | [potion of mutation]
 10094 | D:10     | Lost mutation: Your magical capacity is low. (-10% MP)
                  | [potion of mutation]
 10094 | D:10     | Gained mutation: You are clumsy. (Dex -2) [potion of
                  | mutation]
 10094 | D:10     | Gained mutation: Your flesh is heat resistant. (rF+)
                  | [potion of mutation]
 10094 | D:10     | Gained mutation: You have an increased reservoir of magic.
                  | (+10% MP) [potion of mutation]
 10154 | D:10     | Noticed a two-headed ogre
 10159 | D:10     | Killed a two-headed ogre
 10162 | D:10     | Noticed a two-headed ogre
 10165 | D:10     | Killed a two-headed ogre
 10218 | D:10     | Found a staircase to the Orcish Mines.
 10322 | D:10     | Reached skill level 10 in Invocations
 10348 | D:10     | Reached **** piety under Hepliaklqana
 10654 | D:10     | Identified the +0 robe "Acosaolo" {Harm rPois rCorr}
 11081 | D:11     | Noticed a boulder beetle
 11089 | D:11     | Killed a boulder beetle
 11966 | D:11     | Reached skill level 10 in Fighting
 12468 | D:12     | Noticed Nergalle
 12486 | D:12     | Killed Nergalle
 12529 | D:12     | Found the +18 Lear's hauberk
 12539 | D:12     | Noticed a boulder beetle
 12555 | D:12     | Killed a boulder beetle
 12619 | D:12     | Reached XP level 13. HP: 73/73 MP: 22/22
 12643 | D:12     | Noticed Josephine
 12648 | D:12     | Killed Josephine
 12649 | D:12     | Reached skill level 10 in Dodging
 12688 | D:12     | Noticed Athrin's ghost (journeyman HOFi)
 12720 | D:12     | Noticed Erolcha
 12722 | D:12     | Killed Erolcha
 12792 | D:12     | Found a runed translucent door.
 13115 | D:12     | Killed Athrin's ghost
 13146 | D:12     | Got the Atlas of the Ground
 13277 | Lair:1   | Entered Level 1 of the Lair of Beasts
 13622 | Lair:1   | Noticed a six-headed hydra
 13625 | Lair:1   | Killed a six-headed hydra
 13732 | Lair:1   | You fall into a shaft and drop 1 floor!
 13823 | Lair:2   | Found a transporter.
 13870 | Lair:2   | Found a one-way gate to the infinite horrors of the Abyss.
 13870 | Lair:2   | Noticed Maxmaps's ghost (journeyman GnHu)
 13989 | Lair:2   | Found a staircase to the Swamp.
 14208 | Lair:2   | Noticed a six-headed hydra
 14213 | Lair:2   | Killed a six-headed hydra
 14461 | Lair:2   | Reached XP level 14. HP: 79/79 MP: 23/23
 14547 | Lair:2   | Found a transporter.
 14610 | Lair:2   | Reached ***** piety under Hepliaklqana
 15240 | Lair:3   | Found a hole to the Spider Nest.
 16331 | Lair:4   | Reached skill level 10 in Shields
 16827 | Lair:5   | Entered Level 5 of the Lair of Beasts
 17216 | Lair:5   | Reached skill level 16 in Ranged Weapons
 17520 | Lair:5   | Reached skill level 17 in Ranged Weapons
 17702 | Lair:5   | Found a staircase to the Slime Pits.
 18035 | Lair:5   | Reached skill level 18 in Ranged Weapons
 18054 | Lair:5   | Found a large runed translucent door.
 18055 | Lair:5   | Found a large runed translucent door.
 18845 | Orc:1    | Entered Level 1 of the Orcish Mines
 19377 | Orc:2    | Entered Level 2 of the Orcish Mines
 19472 | Orc:2    | Reached XP level 15. HP: 82/82 MP: 24/24
 19606 | Orc:2    | Found a staircase to the Elven Halls.
 19663 | Orc:2    | Reached skill level 19 in Ranged Weapons
 19700 | Orc:2    | Noticed an orc warlord
 19708 | Orc:2    | Killed an orc warlord
 19709 | Orc:2    | Reached skill level 20 in Ranged Weapons
 19771 | Orc:2    | Found Quogato's Antique Armour Boutique.
 19771 | Orc:2    | Found Koips's Antique Weapon Shop.
 19775 | Orc:2    | Bought a runed scarf for 216 gold pieces
 19790 | Orc:2    | Found Vexoac's General Store.
 19791 | Orc:2    | Found Qonuic Icsu's Book Boutique.
 19930 | Orc:2    | Found a runed translucent gate.
 19931 | Orc:2    | Found a runed translucent gate.
 19933 | Orc:2    | Found a runed translucent gate.
 20220 | Orc:2    | Noticed elongatedgoose's ghost (journeyman DsGl)
 20241 | Orc:2    | Killed elongatedgoose's ghost
 20477 | Swamp:1  | Entered Level 1 of the Swamp
 20705 | Swamp:1  | Noticed a tentacled monstrosity
 20710 | Swamp:1  | Constricted to death by a tentacled monstrosity

Illustrated notes

Levels and vault maps discovered:
D:1:      dpeg_arrival_ratfight, layout_basic, minmay_strange_pillars
D:2:      layout_basic, uniq_sigmund
D:3:      layout_basic, mainiacjoe_overflow_24_doors,
          ebering_ecumenical_altar_rust
D:4:      layout_gridville, minmay_temple_entry_fiery, uniq_menkaure
D:5:      layout_loops_cross, kennysheep_crisscross, kennysheep_potato
D:6:      minmay_recursive_quarters, layout_loops_ring,
          grunt_temple_overflow_cloverleaf, serial_shops, shop_coins
D:7:      nicolae_cairo_tiling, layout_basic, mainiacjoe_overflow_boulevard,
          nicolae_ossuary_entry_monument, chequers_serial_rivers_micro_a,
          nrook_loot_triangle, kennysheep_generic_room_13, uniq_pikel,
          uniq_prince_ribbit1, uniq_joseph
D:8:      cheibrodos_steamvent, layout_basic, okawaru_ov_weapons_minmay,
          serial_shops, nicolae_diamond_shop, uniq_psyche, uniq_maurice
D:9:      layout_grid_maze, grunt_lair_entry_orc_guard_hut
D:10:     layout_cave_pools, minmay_orc_entry_temple_small, enter_bailey_4,
          columned_hall_lemuel, hangedman_decor_growths
D:11:     layout_basic
D:12:     layout_roguey, hellmonk_ghost_big_iron, uniq_nergalle, uniq_josephine,
          uniq_erolcha
Temple:   regret_index_temple_generic_petals
Lair:1:   layout_long_grid, guppyfry_lair_drakes, grunt_megastairs_5
Lair:2:   layout_regular_city, swamp_mist_pool, gammafunk_ghost_abyssal_escape
Lair:3:   layout_layer_cave, spider_nest_entry_webs, hibernation_bobbens
Lair:4:   layout_hall_layers, minivault_23, minmay_holes,
          grunt_forest_stairs_basic
Lair:5:   cheibrodos_lair_end_hotspot, layout_regular_city, slime_entry_1
Swamp:1:  layout_basic_swamp, evilmike_swamp_ruin_house_5, swamp_pool2
Orc:1:    layout_caves
Orc:2:    st_orc_congregation, layout_diamond_mine, gammafunk_ghost_necromancy

Skill      XL: |  1  2  3  4  5  6  7  8  9 10 11 12 13 14 15 |
---------------+----------------------------------------------+-----
Fighting       | 3 5 8 10 | 10.0
Ranged Weapons | 6 7 9 10 12 15 18 20 | 20.0
Dodging        | 4 6 9 12 | 12.0
Shields        | 2 5 8 10 | 10.0
Armour         | 3 4 |  4.0
Evocations     | 6 7 |  7.7
Invocations    | 7 10 | 10.0
Stealth        | |  1.3

Action                     |  1- 3 |  4- 6 |  7- 9 | 10-12 | 13-15 || total
---------------------------+-------+-------+-------+-------+-------++-------
   Fire: Shortbow          |    64 |    32 |       |       |       ||    96
         Sling             |       |    48 |   157 |   447 |   624 ||  1276
 Invoke: Ancestor Life: Kn |       |       |       |     1 |       ||     1
         Recall Ancestor   |       |       |       |       |     3 ||     3
         Transference      |       |       |       |       |     3 ||     3
         Idealise          |       |       |       |       |     2 ||     2
  Evoke: Wand              |       |       |       |     4 |     4 ||     8
    Use: Scroll            |     1 |     8 |     4 |    10 |     9 ||    32
         Potion            |       |     2 |     1 |     6 |     5 ||    14
 Armour: Leather armour    |     4 |       |       |       |       ||     4
         Robe              |       |     4 |    12 |    31 |    19 ||    66
  Dodge: Dodged            |    13 |    18 |    56 |   156 |   231 ||   474
  Block: Buckler           |       |       |     6 |    59 |    88 ||   153

Table legend: (Time is in decaauts)
 A = Elapsed time spent in this place.
 B = Non-inter-level travel time spent in this place.
 C = Inter-level travel time spent in this place.
 D = Time resting spent in this place.
 E = Time spent auto-exploring this place.
 F = Levels seen in this place.
 G = Mean time per level.
                   A        B        C        D        E       F      G
               +--------+--------+--------+--------+--------+-----+--------+
         Total |  20927 |  19959 |    968 |   3048 |  14203 |  23 |  909.9 |
       Dungeon |  12817 |  12288 |    529 |   2082 |   8678 |  12 | 1068.1 |
        Temple |    251 |    224 |     27 |      0 |    210 |   1 |  251.0 |
          Lair |   5570 |   5280 |    290 |    736 |   3915 |   5 | 1114.0 |
         Swamp |    239 |    239 |      0 |     94 |    111 |   1 |  239.0 |
  Orcish Mines |   1372 |   1252 |    120 |     14 |    992 |   2 |  686.0 |
       Ossuary |    320 |    320 |      0 |      0 |    170 |   1 |  320.0 |
        Bailey |    355 |    355 |      0 |    122 |    126 |   1 |  355.0 |
               +--------+--------+--------+--------+--------+-----+--------+

Top non-repeatable levels by time:
  Lair:5: 1683 daAuts
    D:11: 1525 daAuts
  Lair:3: 1398 daAuts
     D:9: 1241 daAuts
     D:7: 1206 daAuts
     D:3: 1192 daAuts
    D:10: 1147 daAuts
     D:6: 1104 daAuts
     D:4: 1101 daAuts
  Lair:2: 1062 daAuts
     D:5: 1040 daAuts
     D:1: 1039 daAuts
   Orc:2: 1031 daAuts
  Lair:4: 975 daAuts
    D:12: 770 daAuts
